 Dungeon Crawl Stone Soup version 0.30.1-3-gfc49f6343a (webtiles) character file.

Game seed: 14427473766504675073

1149 spardeous the Conjurer (level 7, -1/50 HPs)
             Began as a Demigod Conjurer on Aug 5, 2023.
             Slain by Pikel
             ... wielding a +0 whip of freezing
              (3 damage)
             ... on level 6 of the Dungeon.
             The game lasted 00:06:27 (6746 turns).

spardeous the Conjurer (Demigod Conjurer)           Turns: 6746, Time: 00:06:28

Health: -1/50      AC:  8    Str:  8    XL:     7   Next: 93%
Magic:  6/19       EV:  8    Int: 28    God:
Gold:   299        SH:  5    Dex: 12    Spells: 10/17 levels left

rFire   . . .        D - +2 dagger (speed)
rCold   . . .        (no shield)
rNeg    . . .        H - +0 scale mail
rPois   .            v - +0 helmet
rElec   .            (no cloak)
rCorr   .            B - +0 pair of gloves
SInv    .            (no boots)
Will    .....        e - amulet of reflection Stlth
                     (no ring)
HPRegen 0.28/turn    (no ring)
MPRegen 0.16/turn

%: reflection
@: no status effects
A: high MP 1, forlorn, divine attributes
a: no special abilities


You were on level 6 of the Dungeon.
You visited 1 branch of the dungeon, and saw 6 of its levels.

You collected 299 gold pieces.

Inventory:

Hand Weapons
 D - a +2 dagger of speed (weapon)
Missiles
 g - a throwing net
Armour
 a - a +0 robe
 v - a +0 helmet (worn)
 B - a +0 pair of gloves (worn)
 H - a +0 scale mail (worn)
Magical Staves
 u - a staff of poison
Jewellery
 e - an amulet of reflection (around neck)
 i - a ring of fire
 p - a +6 ring of strength
 s - a ring of ice
 C - a ring of magical power
 F - a ring of protection from fire
Wands
 k - a wand of flame (20)
Scrolls
 c - 7 scrolls of identify {unknown}
 f - 2 scrolls of immolation {unknown}
 j - a scroll of noise {unknown}
 m - a scroll of vulnerability {unknown}
 n - 2 scrolls of teleportation {unknown}
 x - a scroll of amnesia {unknown}
 y - a scroll of poison {unknown}
 A - 2 scrolls of magic mapping {unknown}
 G - a scroll of enchant armour {unknown}
Potions
 b - a potion of magic
 d - 4 potions of curing {unknown}
 h - a potion of brilliance {unknown}
 l - a potion of heal wounds {unknown}
 o - a potion of degeneration {unknown}
 q - a potion of attraction {unknown}
 r - 2 potions of lignification {unknown}
 t - a potion of mutation {unknown}
 w - a potion of berserk rage {unknown}
 z - 2 potions of might {unknown}
 E - a potion of flight {unknown}


   Skills:
 - Level 1.7 Dodging
 - Level 1.7 Stealth
 + Level 5.9 Spellcasting
 + Level 7.3 Conjurations


You had 10 spell levels left.
You knew the following spells:

 Your Spells              Type           Power      Damage    Failure   Level
a - Magic Dart            Conj           100%       1d8       3%          1
b - Searing Ray           Conj           98%        2d8       4%          2
c - Iskenderun's Mystic   Conj/Tloc      28%        2d7       80%         4

Your spell library contained the following spells:

 Spells                   Type           Power      Damage    Failure   Level
 Dazzling Flash           Conj/Hex       56%        N/A       38%         3
 Fulminant Prism          Conj/Hex       14%        3d9       80%         4


Dungeon Overview and Level Annotations

Branches:
Dungeon (6/15)             Temple (0/1) D:5

Annotations:
D:3 1 runed translucent door, Crazy Yiuf
D:6 Pikel


Innate Abilities, Weirdness & Mutations

You have an increased reservoir of magic. (+10% MP)
You shall have no god before yourself.
Your divine heritage dramatically boosts your attributes as you level up.


Message History

The lemure barely misses you. The lemure hits you but does no damage.
You block Pikel's attack.
You now have 11/19 mp.
The searing ray misses Pikel.
The lemure hits you. The lemure barely misses you.
You block the lemure's attack.
Pikel hits you with a +0 whip of freezing.
Pikel freezes you.
* * * LOW HITPOINT WARNING * * *
You take 9 damage, and have 21/50 hp.
You now have 10/19 mp.
Unknown command.
The searing ray hits Pikel.
Pikel is heavily wounded.
The lemure hits you but does no damage. x2; You block Pikel's attack.
You now have 9/19 mp.
The searing ray hits Pikel!
Pikel is almost dead.
You finish channelling your searing ray.
The lemure hits you but does no damage. x2; The lemure hits you.
* * * LOW HITPOINT WARNING * * *
You block the lemure's attack.
Pikel hits you with a +0 whip of freezing.
* * * LOW HITPOINT WARNING * * *
Pikel freezes you.
* * * LOW HITPOINT WARNING * * *
You take 10 damage, and have 11/50 hp.
You now have 8/19 mp.
Casting: Searing Ray (safe; 4% risk of failure)
Confirm with . or Enter, or press ? or * to list all spells.
Aiming: Searing Ray (safe; 4% risk of failure)
Press: ? - help, Shift-Dir - straight line, f/p - Pikel
Aim: Pikel, wielding a +0 whip of freezing and wearing a +0 robe (almost dead, 79% to hit)
The searing ray hits Pikel.
Pikel is almost dead. (Press . to maintain the ray.)
The lemure hits you but does no damage. The lemure hits you.
* * * LOW HITPOINT WARNING * * *
The lemure hits you!
* * * LOW HITPOINT WARNING * * *
The lemure closely misses you.
Pikel hits you with a +0 whip of freezing.
You die...

##...........#
##............#
##.............#
####..............#
#.................#
..................##
.<.........>.......#
...............K55.#
.....####...(..5@5.#
...### #..........##
..## ##.....###...#
.## ##......# ###.#
# ##......## ###
##.......#
##.....#.##
###...###### #...###


You could see Pikel and 4 lemures.

Vanquished Creatures
  Sigmund (D:3)
  A black bear (D:4)
  A centaur (D:5)
  2 ogres
  2 phantoms
  A bullfrog (D:6)
  A scorpion (D:4)
  2 orc priests
  2 hounds (D:5)
  A jelly (D:5)
  Ijyb (D:3)
  2 orc wizards (D:5)
  5 adders
  4 worms
  A dart slug (D:5)
  21 orcs
  8 endoplasms
  5 giant cockroaches
  8 goblins
  8 hobgoblins
  7 jackals
  8 kobolds
  3 quokkas
  4 ball pythons
  2 bats
  A frilled lizard (D:1)
  4 rats
106 creatures vanquished.

Notes
Turn   | Place    | Note
-------+----------+-------------------------------------------
     0 | D:1      | spardeous the Demigod Conjurer began the quest for the Orb.
     0 | D:1      | Reached XP level 1. HP: 14/14 MP: 5/5
   288 | D:1      | Reached XP level 2. HP: 9/20 MP: 0/7
   550 | D:1      | Reached skill level 4 in Conjurations
  1263 | D:2      | Reached XP level 3. HP: 26/26 MP: 4/9
  1266 | D:2      | Learned a level 2 spell: Searing Ray
  2781 | D:3      | Noticed Ijyb
  2789 | D:3      | Paralysed by Ijyb for 4 turns
  2797 | D:3      | Paralysed by Ijyb for 4 turns
  2811 | D:3      | Paralysed by Ijyb for 5 turns
  2827 | D:3      | Paralysed by Ijyb for 3 turns
  2846 | D:3      | Killed Ijyb
  2847 | D:3      | Reached XP level 4. HP: 14/33 MP: 1/11
  3036 | D:3      | Learned a level 4 spell: Iskenderun's Mystic Blast
  3251 | D:3      | Noticed Sigmund
  3258 | D:3      | Killed Sigmund
  3259 | D:3      | Reached skill level 5 in Conjurations
  3259 | D:3      | Reached XP level 5. HP: 38/38 MP: 4/14
  4029 | D:3      | Found a runed translucent door.
  4030 | D:3      | Noticed Crazy Yiuf
  4508 | D:4      | Reached XP level 6. HP: 45/45 MP: 11/15
  4741 | D:4      | Reached skill level 6 in Conjurations
  5149 | D:4      | Reached XP level 7. HP: 43/50 MP: 7/17
  5493 | D:5      | Entered Level 5 of the Dungeon
  5496 | D:5      | Reached skill level 5 in Spellcasting
  5729 | D:5      | Found a staircase to the Ecumenical Temple.
  6084 | D:5      | Noticed an angel
  6223 | D:5      | Reached skill level 7 in Conjurations
  6723 | D:6      | Noticed Pikel
  6746 | D:6      | HP: 2/50 [lemure[Pikel] (8)]
  6746 | D:6      | Slain by Pikel

Illustrated notes

Levels and vault maps discovered:
D:1:      roderic_octagonal_star, layout_basic,
          shapermc_ecumenical_altar_starsandcircs
D:2:      layout_basic, basic_altar
D:3:      layout_basic, grunt_decor_mini_mirrors, uniq_crazy_yiuf_cottage,
          uniq_sigmund, uniq_ijyb
D:4:      layout_basic, trog_ov_bears_minmay, kennysheep_mini
D:5:      layout_basic, zin_angel, minmay_temple_entry_waves
D:6:      layout_layer_cave, nicolae_dithmenos_through_a_glass_darkly,
          lemuel_tele_altar, gup_sewer_entry_glass, hellmonk_bongcloud_opening,
          lightli_minifort, uniq_prince_ribbit1, uniq_pikel, uniq_duvessa,
          uniq_grinder

Skill      XL: |  1  2  3  4  5  6  7 |
---------------+----------------------+-----
Spellcasting   | 2 3 4 5 |  5.9
Conjurations   | 4 5 6 7 |  7.3
Dodging        | |  1.7
Stealth        | |  1.7

Action                     |  1- 3 |  4- 6 |  7- 9 || total
---------------------------+-------+-------+-------++-------
   Cast: Magic Dart        |   114 |    71 |    55 ||   240
         Searing Ray       |     5 |     9 |    13 ||    27
 Armour: Robe              |     8 |     1 |     5 ||    14
         Scale mail        |       |       |     8 ||     8
  Dodge: Dodged            |    31 |     6 |    10 ||    47
  Block: Other             |     2 |     6 |     7 ||    15
         Reflection        |       |       |     1 ||     1
